 Dungeon Crawl Stone Soup version 0.20.0-15-g7f486f2 (webtiles) character file.

116 Malak the Slasher (level 5, -1/41 HPs)
             Began as a Formicid Fighter on June 18, 2017.
             Succumbed to a kobold's poison
             ... on level 3 of the Dungeon.
             The game lasted 00:06:28 (2269 turns).

Malak the Slasher (Formicid Fighter)                Turns: 2269, Time: 00:06:29

Health: -1/41      AC:  9    Str: 21    XL:     5   Next: 21%
Magic:  5/5        EV:  9    Int:  8    God:
Gold:   118        SH:  9    Dex: 10    Spells: 4/4 levels left

rFire    + . .     SeeInvis +   m - -2 hand axe (curse)
rCold    x . .     Gourm    .   c - +0 shield
rNeg     . . .     Faith    .   b - +0 scale mail
rPois    .         Spirit   .   (helmet unavailable)
rElec    .         Reflect  .   n - +0 cloak
rCorr    .         Harm     .   p - +0 pair of gloves
MR       .....                  (no boots)
Stlth    ..........             (no amulet)
Regen    0.2/turn               e - ring of fire
MPRegen  0.1/turn               j - ring of loudness (curse)

@: lethally poisoned (-1 -> -32)
A: permanent stasis, dig shafts and tunnels, four strong arms, antennae 3,
repulsion field 1, mutation resistance 1
a: Dig, Shaft Self


You were on level 3 of the Dungeon.
You were not hungry.

You visited 1 branch of the dungeon, and saw 3 of its levels.

You collected 118 gold pieces.

Inventory:

Hand Weapons
 a - a +0 long sword
 m - a cursed -2 hand axe (weapon)
 s - a +0 hunting sling
Missiles
 t - 44 stones (quivered)
Armour
 b - a +0 scale mail (worn)
 c - a +0 shield (worn)
 n - a +0 cloak (worn)
 p - a +0 pair of gloves (worn)
Jewellery
 e - a ring of fire (left hand)
 j - a cursed ring of loudness (right hand)
Scrolls
 h - a scroll of identify
 r - 3 scrolls of fear
 v - a scroll of random uselessness
Potions
 d - a potion of might
 i - a potion of heal wounds {unknown}
 k - 3 potions of cancellation {unknown}
 l - a potion of degeneration
 o - a potion of brilliance {unknown}
Comestibles
 f - 2 bread rations
 q - 3 royal jellies
 u - a meat ration


   Skills:
 - Level 3.2 Fighting
 + Level 5.0 Long Blades
 - Level 3.2 Armour
 - Level 3.6 Shields


You had 4 spell levels left.
You didn't know any spells.

Dungeon Overview and Level Annotations

Branches:
Dungeon (3/15)

Altars:

Annotations:
D:3 Sigmund


Innate Abilities, Weirdness & Mutations

You cannot be hasted, slowed, berserked, paralysed or teleported.
You can dig through walls and to a lower floor.
Your four strong arms can wield two-handed weapons with a shield.
You have a pair of large antennae on your head. (SInv)
You are surrounded by a mild repulsion field. (EV +2)
You are somewhat resistant to further mutation.


Message History

You are more poisoned.
A bat comes into view.
You barely miss the kobold. You hit Sigmund.
* * * LOW HITPOINT WARNING * * *
You feel very sick. Sigmund hits you but does no damage.
The kobold barely misses you.
You barely miss the kobold. You hit Sigmund.
* * * LOW HITPOINT WARNING * * *
You feel very sick. You block the kobold's attack. You block Sigmund's attack.
The kobold hits you but does no damage.
You hit the kobold.
You kill the kobold!
You hit Sigmund but do no damage.
* * * LOW HITPOINT WARNING * * *
You feel very sick. The bat hits you but does no damage.
You block Sigmund's attack.
It was a potion of mutation.
You feel extremely strange.
You feel genetically stable.
You begin to radiate repulsive energy.
You die...

### #.# ..##.### ..
#.##...
.....####.##..# #
....#.#..#...?.####.#
..............##...
..............##.#
..........(.(.(.####.#
##.............@b....#
#...............@#####
##................#
.>.........#......#
.#####.#...........#
######.#.........#..#
.................##.#
.................. ..
.##..##.........


You could see Sigmund and a bat.

Vanquished Creatures
  A gnoll (D:1)
  3 adders
  An ooze (D:2)
  2 worms
  2 dart slugs
  5 leopard geckos
  7 bats
  3 giant cockroaches
  10 goblins
  8 hobgoblins
  2 quokkas (D:2)
  3 frilled lizards
  7 kobolds
  4 rats
58 creatures vanquished.

Notes
Turn   | Place    | Note
-------+----------+-------------------------------------------
     0 | D:1      | Malak the Formicid Fighter began the quest for the Orb.
     0 | D:1      | Reached XP level 1. HP: 18/18 MP: 1/1
    87 | D:1      | Reached skill level 3 in Long Blades
    87 | D:1      | Reached XP level 2. HP: 13/24 MP: 2/2
   257 | D:1      | Reached XP level 3. HP: 29/29 MP: 3/3
  1125 | D:2      | Reached skill level 4 in Long Blades
  1125 | D:2      | Reached XP level 4. HP: 35/35 MP: 4/4
  1920 | D:3      | Reached XP level 5. HP: 18/41 MP: 5/5
  2248 | D:3      | Reached skill level 5 in Long Blades
  2255 | D:3      | Noticed Sigmund
  2268 | D:3      | HP: 1/41 [poisoned by a kobold]
  2269 | D:3      | Gained mutation: You are somewhat resistant to further mutation. [potion of mutation]
  2269 | D:3      | Gained mutation: You are surrounded by a mild repulsion field. (EV +2) [potion of mutation]
  2269 | D:3      | Succumbed to a kobold's poison

Skill      XL: |  1  2  3  4  5 |
---------------+----------------+-----
Long Blades    | 3 4 5 |  5.0
Fighting       | |  3.2
Armour         | |  3.2
Shields        | |  3.6

Action                   |  1- 3 |  4- 6 || total
-------------------------+-------+-------++-------
Melee: Long sword        |    41 |       ||    41
       Hand axe          |    39 |   175 ||   214
  Use: Scroll            |     3 |     3 ||     6
       Potion            |       |     1 ||     1
  Eat: Chunk             |     1 |     4 ||     5
Armor: Scale mail        |    38 |   107 ||   145
Dodge: Dodged            |    27 |    67 ||    94
Block: Shield            |    26 |   118 ||   144
       Rpst.: Long sword |     6 |       ||     6
